AoeStats
← Chaos

Fortress

509702731Analyzed
4v4 RM · 5d ago on Sep 27, 2026· 43m 27s· 8 players
Game mode
Random Map
Map size
Huge
Population
200
Speed
Normal
Resources
Standard
Victory
Conquest
Starting age
Dark Age
Ending age
Imperial Age
RankedLock teamsTeams togetherTeam positionsShared explorationLock speedFull tech treeHidden civsTurbo modeCheats
Victory
Defeat
🇧🇪 Varangians · Belgium
1825
+5
🇫🇷 Bohemians · France
1775
+6
🇩🇪 Danes · Germany
1762
+6
🇨🇳 Japanese · China
1717
+8
🇭🇰 Chinese · Hong Kong SAR China
1571
-8
🇲🇽 Mongols · Mexico
1563
-7
🇳🇱 Danes · Netherlands
1470
-5
🇲🇽 Huns · Mexico
1468
-5
Riut
7:53 Feudal Age
9:05 Horse Collar
9:26 Double-Bit Axe
11:54 Castle Age
12:57 Bow Saw
12:47 Heavy Plow
14:03 Fervor
17:28 Wheelbarrow
16:39 Loom
19:04 Sanctity
20:08 Hand Cart
24:47 Imperial Age
23:40 Chemistry
23:42 Padded Archer Armor
23:57 Pikeman
24:37 Squires
24:59 Arson
25:16 Scale Mail Armor
25:26 Forging
25:06 Houfnice
25:54 Siege Engineers
25:29 Halberdier
27:27 Chain Mail Armor
28:56 Plate Mail Armor
28:13 Town Watch
29:30 Iron Casting
30:51 Bombard Tower
32:03 Blast Furnace
31:17 Fletching
33:24 Bodkin Arrow
36:17 Bracer
36:35 Masonry
37:48 Two-Man Saw
37:42 Wagenburg Tactics
37:58 Conscription
39:32 Architecture
39:59 Leather Archer Armor
39:31 Arrowslits
40:06 Ballistics
41:02 Caravan
41:32 Coinage
41:13 Guilds
42:37 Town Patrol
43:09 Ring Archer Armor
42:44 Scale Barding Armor
42:51 Fortified Wall
43:14 Capped Ram
Chaos
7:07 Feudal Age
10:51 Castle Age
9:01 Double-Bit Axe
9:39 Horse Collar
17:17 Wheelbarrow
18:24 Bow Saw
21:36 Loom
24:41 Imperial Age
22:24 Husbandry
22:16 Fletching
22:23 Gold Mining
22:51 Padded Archer Armor
23:26 Ballistics
23:52 Hand Cart
24:09 Bodkin Arrow
25:05 Bloodlines
24:44 Cranequins
25:34 Heavy Mounted Crossbowman
27:30 Conscription
28:16 Chemistry
27:37 Heavy Plow
29:22 Leather Archer Armor
29:10 Bracer
29:06 Capped Ram
31:35 Two-Man Saw
31:33 Leather Archer Armor
31:10 Siege Ram
37:41 Ring Archer Armor
39:16 Masonry
脏丶辫
6:24 Feudal Age
10:29 Castle Age
9:13 Double-Bit Axe
10:10 Horse Collar
11:38 Bow Saw
17:06 Wheelbarrow
18:02 Heavy Plow
18:57 Loom
19:03 Town Watch
19:40 Hand Cart
24:39 Imperial Age
22:56 Fletching
24:17 Bodkin Arrow
24:23 Padded Archer Armor
24:48 Heavy Cavalry Archer
25:53 Parthian Tactics
25:33 Bracer
25:43 Husbandry
25:49 Gold Mining
27:26 Chemistry
27:31 Conscription
28:00 Thumb Ring
28:17 Bloodlines
28:36 Leather Archer Armor
28:47 Ballistics
31:21 Leather Archer Armor
32:17 Two-Man Saw
31:36 Guard Tower
31:43 Murder Holes
33:36 Ring Archer Armor
35:03 Keep
35:42 Fortified Wall
36:07 Yasama
36:32 Treadmill Crane
36:54 Scale Mail Armor
37:40 Forging
38:30 Caravan
39:16 Chain Mail Armor
39:38 Iron Casting
40:28 Gold Shaft Mining
39:44 Stone Mining
42:34 Plate Mail Armor
43:04 Blast Furnace
Jan Itor
7:59 Feudal Age
11:31 Castle Age
9:55 Horse Collar
10:01 Double-Bit Axe
12:41 Bow Saw
13:13 Heavy Plow
15:35 Wheelbarrow
18:17 Gold Mining
20:15 Hand Cart
20:49 Loom
24:49 Imperial Age
22:28 Stone Mining
22:26 Town Watch
23:14 Scale Mail Armor
23:27 Forging
24:01 Pikeman
24:58 Chain Mail Armor
24:50 Onager
25:56 Conscription
25:36 Northmen's Fury
26:27 Squires
27:09 Siege Onager
28:01 Halberdier
29:37 Plate Mail Armor
29:31 Caravan
30:55 Iron Casting
30:53 Siege Engineers
35:26 Coinage
36:49 Banking
42:18 Padded Archer Armor
43:18 Blast Furnace
42:41 Ballistics
42:12 Fletching
[VL] Shile Shilaca 8.80
6:55 Feudal Age
11:15 Castle Age
9:31 Double-Bit Axe
12:17 Bow Saw
14:14 Wheelbarrow
14:29 Loom
18:24 Hand Cart
21:20 Gold Mining
25:11 Imperial Age
22:49 Stone Mining
24:20 Gold Shaft Mining
23:28 Horse Collar
23:45 Fletching
25:16 Bodkin Arrow
25:41 Heavy Plow
26:20 Conscription
27:32 Chemistry
27:02 Padded Archer Armor
27:03 Bracer
28:01 Ballistics
28:25 Leather Archer Armor
28:14 Elite Mangudai
30:04 Parthian Tactics
31:36 Hoardings
30:27 Onager
32:57 Siege Onager
34:39 Coinage
36:07 Siege Engineers
36:47 Banking
41:04 Drill
ArNuL
8:25 Feudal Age
9:29 Double-Bit Axe
12:23 Castle Age
10:14 Horse Collar
11:21 Gold Mining
13:37 Bow Saw
15:37 Wheelbarrow
15:21 Heavy Plow
16:53 Stone Mining
17:54 Loom
19:02 Hand Cart
18:44 Town Watch
26:20 Imperial Age
23:56 Scale Barding Armor
24:42 Forging
25:27 Gold Shaft Mining
25:17 Bloodlines
25:59 Chain Barding Armor
25:59 Husbandry
26:33 Cavalier
27:38 Conscription
28:37 Two-Man Saw
28:15 Iron Casting
29:13 Plate Barding Armor
30:33 Blast Furnace
30:34 Fletching
31:19 Ballistics
32:25 Paladin
34:13 Bodkin Arrow
35:07 Bracer
Andy
0:28 Loom
8:11 Feudal Age
11:50 Castle Age
9:44 Double-Bit Axe
10:28 Horse Collar
12:39 Fletching
13:44 Bow Saw
15:00 Heavy Plow
18:43 Wheelbarrow
18:33 Gold Mining
23:37 Imperial Age
21:34 Stone Mining
22:21 Bodkin Arrow
22:51 Ballistics
23:48 Padded Archer Armor
24:38 Bracer
25:39 Chemistry
24:56 Thumb Ring
25:07 Leather Archer Armor
27:19 Rocketry
27:19 Conscription
28:12 Bombard Tower
28:03 Masonry
29:01 Conscription
29:13 Great Wall
31:40 Elite Chu Ko Nu
31:57 Elite Skirmisher
35:03 Leather Archer Armor
35:55 Architecture
VesperalCamp546
7:17 Feudal Age
11:02 Castle Age
9:06 Double-Bit Axe
9:24 Horse Collar
12:00 Bow Saw
19:04 Heavy Plow
21:29 Gold Mining
22:33 Wheelbarrow
21:44 Loom
23:17 Gold Shaft Mining
22:33 Stone Mining
25:51 Imperial Age
23:43 Squires
23:46 Pikeman
25:18 Hand Cart
24:52 Arson
25:35 Ballistics
25:26 Masonry
26:00 Halberdier
26:42 Scale Mail Armor
26:52 Forging
26:10 Onager
28:00 Siege Onager
28:33 Capped Ram
29:35 Siege Ram
30:29 Elite Varangian Guard
31:34 Siege Engineers
34:44 Chemistry
34:01 Chain Mail Armor
34:22 Iron Casting
33:50 Northmen's Fury
35:16 Elite Skirmisher
37:21 Plate Mail Armor
37:51 Blast Furnace
36:42 Fletching
36:52 Padded Archer Armor
Connection lost

Rejoining the realm…

Still unreachable

The connection could not be restored.

Session expired

The server has moved on; the page needs a fresh start.